 Dungeon Crawl Stone Soup version 0.19.5 (webtiles) character file.

19136 equalderp2856 the Ripper (level 12, -3/52 HPs)
             Began as a Felid Fighter on Apr 2, 2017.
             Slain by a tyrant leech (34 damage)
             ... on level 6 of the Lair of Beasts.
             The game lasted 01:42:10 (35347 turns).

equalderp2856 the Ripper (Felid Fighter)           Turns: 35347, Time: 01:42:11

Health: -3/52      AC:  3    Str: 13    XL:     12   Next: 33%
Magic:  19/24      EV: 28    Int: 13    God:
Gold:   1038       SH:  0    Dex: 16    Spells: 1 memorised, 23 levels left
                                        Lives:  0   Deaths: 3

rFire  . . .     SeeInvis +       - Unarmed
rCold  + + .     Gourm    .     (armour unavailable)
rNeg   . . .     Faith    .     (shield unavailable)
rPois  .         Spirit   .     (helmet unavailable)
rElec  .         Reflect  .     (cloak unavailable)
rCorr  .         Harm     .     (gloves unavailable)
MR     +....                    (boots unavailable)
Stlth  +++++.....               (no amulet)
                                I - ring of protection from cold
                                d - ring of flight

@: slowed, slow
A: no armour, no weapons or thrown items, stealth, claws 1, fangs 3, see
invisible, carnivore 3, speed 1, shaggy fur 3, slow metabolism 1, sharp paws
a: Evoke Flight


You were on level 6 of the Lair of Beasts.
You were very full.

You visited 2 branches of the dungeon, and saw 18 of its levels.
You also visited: Ossuary and Bailey.

You collected 1038 gold pieces.

Inventory:

Missiles
 l - 52 poisoned needles
 m - 101 bolts
 q - 2 tomahawks of dispersal
 x - 254 arrows
 y - 2 poisoned tomahawks
 z - 242 stones
 J - 13 javelins
Jewellery
 d - a ring of flight (left paw)
 G - an uncursed amulet of faith
 I - a ring of protection from cold (right paw)
Wands
 c - a wand of lightning (9/15)
 A - a wand of iceblast (0/15)
 B - a wand of hasting (1/9)
 F - a wand of flame (9/48)
 H - a wand of acid (0/15)
 O - a wand of disintegration (12/24)
 Q - a wand of disintegration (12/24)
 T - a wand of polymorph (11/24)
Scrolls
 e - 7 scrolls of identify
 f - 7 scrolls of remove curse
 g - 2 scrolls of teleportation
 k - 4 scrolls of amnesia
 o - 2 scrolls of enchant weapon
 w - 4 scrolls of magic mapping
 K - 3 scrolls of blinking {unknown}
 M - a scroll of brand weapon {unknown}
 N - a scroll of recharging
Potions
 h - a potion of agility
 j - 4 potions of curing
 n - 2 potions of flight
 r - 7 potions of magic
 s - a potion of resistance {unknown}
 t - 3 potions of ambrosia
 u - 2 potions of mutation
 v - 6 potions of degeneration
 C - a potion of cancellation {unknown}
 E - a potion of cure mutation {unknown}
 P - a potion of berserk rage {unknown}
Books
 a - a Necronomicon

   Spells                             Type                      Level
   a - Haunt                          Necromancy/Summoning         7
   b - Borgnjor's Revivification      Necromancy                   8
   c - Death's Door                   Charms/Necromancy            8
   d - Infestation                    Necromancy                   8
   e - Necromutation                  Transmutation/Necromancy     8
 D - a Young Poisoner's Handbook

   Spells                             Type                      Level
   a - Sting                          Conjuration/Poison           1
   b - Mephitic Cloud                 Conjuration/Poison/Air       3
   c - Olgreb's Toxic Radiance        Poison                       4
   d - Alistair's Intoxication        Transmutation/Poison         5
   e - Venom Bolt                     Conjuration/Poison           5
 L - a book of Flames

   Spells                             Type                      Level
   a - Flame Tongue                   Conjuration/Fire             1
   b - Throw Flame                    Conjuration/Fire             2
   c - Conjure Flame                  Conjuration/Fire             3
   d - Inner Flame                    Hexes/Fire                   3
   e - Sticky Flame                   Conjuration/Fire             4
   f - Fireball                       Conjuration/Fire             5
 S - a book of Callings

   Spells                             Type                      Level
   a - Summon Small Mammal            Summoning                    1
   b - Call Imp                       Summoning                    2
   c - Call Canine Familiar           Summoning                    3
   d - Summon Guardian Golem          Hexes/Summoning              3
   e - Summon Lightning Spire         Summoning/Air                4
   f - Summon Ice Beast               Ice/Summoning                4
Comestibles
 b - 4 meat rations
 i - 15 beef jerkies
 R - a slice of pizza


   Skills:
 + Level 5.7 Fighting
 + Level 12.1 Dodging
 + Level 11.9 Stealth
 + Level 15.1 Unarmed Combat
 + Level 7.7 Spellcasting
 + Level 7.8 Conjurations
 - Level 1.0 Fire Magic
 + Level 2.3 Evocations


You had 23 spell levels left.
You knew the following spells:

 Your Spells              Type           Power        Failure   Level  Hunger
a - Conjure Flame         Conj/Fire      ###.....     10%         3    ##.....


Dungeon Overview and Level Annotations

Branches:
Dungeon (12/15)            Temple (0/1) D:7            Lair (6/6) D:9
  Swamp (0/4) Lair:4        Snake (0/4) Lair:2        Slime (0/5) Lair:5
    Orc: D:9-12

Altars:
Ashenzari
Dithmenos
Elyvilon
Okawaru
Sif Muna
Uskayaw
Xom
Zin

Annotations:
D:4 execc's ghost, novice VSGl
D:7 Amon001's ghost, novice GrFi
D:9 Hybris's ghost, novice HOFi
Lair:4 4 exclusions
Lair:6 1 runed door


Innate Abilities, Weirdness & Mutations

You cannot wear armour.
You are incapable of wielding weapons or throwing items.
Your paws allow you to move quietly. (Stealth)
You have sharp claws.
You have razor-sharp teeth.
You have supernaturally acute eyesight. (SInv)
You are carnivorous and can eat meat at any time.
You cover ground quickly.
Your thick and shaggy fur keeps you warm. (AC +3, rC+)
You have a slow metabolism.
Your sharp claws are effective at attacking unaware monsters.


Message History

Press: ? - help, Dir - move target cursor The fire roars!
The torpor snail is engulfed in roaring flames.
You claw the torpor snail! You claw the torpor snail.
The torpor snail is heavily wounded.
The torpor snail is engulfed in roaring flames.
The torpor snail barely misses you.
You barely miss the torpor snail.
You bite the torpor snail, but do no damage.
The torpor snail is heavily wounded.
The tyrant leech is engulfed in roaring flames.
The torpor snail is engulfed in roaring flames.
The torpor snail bites you!!
The torpor snail is engulfed in roaring flames.
The torpor snail bites the plant!
You scratch the tyrant leech. Your bite misses the tyrant leech.
The tyrant leech is moderately wounded.
The tyrant leech bites you!!
Ouch! That really hurt!
You die...

######## # ###.P.##.#
####..
###..@ww§..#####......
##....###.....##....P
##....## ###....#..#
#...### #.##....### ##
##P⌠.## ## ###....##.#
# +#...### ##.....##
### ###...# ##......
#.# #..## ##....#.
..## ##..### #...###


You could see a tyrant leech and a torpor snail.

Vanquished Creatures
  Kirke (Lair:6)
  7 hydras
  Nergalle (Lair:4)
  A wolf spider (Lair:5)
  A lindwurm (Lair:5)
  10 elephants
  6 black mambas
  2 torpor snails
  8 spiny frogs
  12 komodo dragons
  A troll (D:9)
  A polar bear (Lair:3)
  17 blink frogs
  3 slime creatures (Lair:5)
  10 hippogriffs
  9 yaks
  2 hogs
  3 basilisks
  2 wyverns
  A hungry ghost (D:10)
  Menkaure (Ossuary)
  4 nagas
  19 water moccasins
  4 orc warriors
  5 porcupines
  3 ice beasts
  5 sky beasts
  A necrophage (D:10)
  3 ogres
  4 centaurs
  2 phantoms
  6 wolves
  19 crocodiles
  2 big kobolds
  17 bullfrogs
  A scorpion (D:4)
  5 howler monkeys
  7 crimson imps
  4 jellies
  A bullfrog skeleton (D:4)
  2 orc priests
  2 bullfrog zombies (D:8)
  2 centaur skeletons
  2 iguanas (D:9)
  8 worker ants
  6 orc wizards
  A hound zombie (D:10)
  2 mummies (Ossuary)
  4 gnolls
  8 adders
  2 shadow imps
  2 oozes
  An adder skeleton (D:6)
  An adder zombie (D:7)
  2 worms (D:4)
  3 dart slugs
  5 leopard geckos
  63 orcs
  16 bats
  4 giant cockroaches
  5 gnoll zombies (Ossuary)
  9 goblins
  7 hobgoblins
  8 jackals
  A quokka (D:3)
  2 ball pythons (D:3)
  2 frilled lizards
  A giant cockroach zombie (D:1)
  2 gnoll skeletons (Ossuary)
  A goblin skeleton (Ossuary)
  2 goblin zombies (Ossuary)
  2 hobgoblin skeletons (Ossuary)
  2 hobgoblin zombies (Ossuary)
  22 kobolds
  A kobold zombie (Ossuary)
  A leopard gecko zombie (D:1)
  2 orc skeletons (Ossuary)
  An orc zombie (Ossuary)
  3 rats
  3 rat skeletons (Ossuary)
  A fungus (Lair:5)
425 creatures vanquished.

Vanquished Creatures (others)
  5 dream sheep (Lair:4)
  2 humans (Lair:6)
  A mummy (Ossuary)
  3 gnoll skeletons (Ossuary)
  3 goblin skeletons (Ossuary)
  2 goblin zombies (Ossuary)
  2 hobgoblin skeletons (Ossuary)
  A hobgoblin zombie (Ossuary)
  5 kobold zombies (Ossuary)
  2 orc skeletons (Ossuary)
  4 orc zombies (Ossuary)
  5 rat skeletons (Ossuary)
  2 rat zombies (Ossuary)
  A bush (Lair:1)
  41 fungi
  37 plants
116 creatures vanquished.

Grand Total: 541 creatures vanquished

Notes
Turn   | Place    | Note
-------+----------+-------------------------------------------
     0 | D:1      | equalderp2856 the Felid Fighter began the quest for the Orb.
     0 | D:1      | Reached XP level 1. HP: 10/10 MP: 2/2
   144 | D:1      | Reached XP level 2. HP: 5/14 MP: 3/3
  1148 | D:2      | Reached XP level 3. HP: 15/17 MP: 4/4
  1657 | D:3      | Reached skill level 5 in Unarmed Combat
  1657 | D:3      | Reached XP level 4. HP: 21/21 MP: 5/5
  1690 | D:3      | Noticed an ogre
  1693 | D:3      | Killed an ogre
  1693 | D:3      | Reached skill level 5 in Dodging
  1693 | D:3      | Reached skill level 1 in Stealth
  1693 | D:3      | Reached XP level 5. HP: 24/24 MP: 6/6
  1836 | D:3      | Found a shattered altar of Ashenzari.
  1992 | D:3      | Found a shattered altar of Ashenzari.
  3436 | D:4      | Reached skill level 6 in Unarmed Combat
  3572 | D:4      | Gained mutation: You are covered in thick fur. (AC +2) [Felid growth]
  3572 | D:4      | Reached XP level 6. HP: 22/28 MP: 7/7
  3576 | D:4      | Noticed execc's ghost (novice VSGl)
  4776 | D:5      | Entered Level 5 of the Dungeon
  4826 | D:5      | Reached XP level 7. HP: 15/31 MP: 8/8
  5081 | D:5      | Reached skill level 7 in Unarmed Combat
  5213 | D:5      | Found a shadowy altar of Dithmenos.
  5225 | D:5      | Found a white marble altar of Elyvilon.
  5225 | D:5      | Found an iron altar of Okawaru.
  7148 | D:6      | Reached skill level 8 in Unarmed Combat
  7156 | D:6      | Reached XP level 8. HP: 34/36 MP: 9/9
  7639 | D:7      | Noticed Amon001's ghost (novice GrFi)
  8052 | D:7      | Found a sand-covered staircase.
  8139 | Ossuary  | Entered an ossuary
  8560 | Ossuary  | Noticed Menkaure
  8628 | Ossuary  | Killed Menkaure
  8628 | Ossuary  | Reached skill level 9 in Unarmed Combat
  8993 | D:7      | Noticed a hippogriff
  8998 | D:7      | Killed a hippogriff
  8998 | D:7      | Reached skill level 5 in Stealth
  9317 | D:7      | Found a staircase to the Ecumenical Temple.
  9475 | D:7      | Noticed a hippogriff
  9499 | D:7      | Killed a hippogriff
  9499 | D:7      | Reached skill level 1 in Evocations
  9711 | D:7      | Reached XP level 9. HP: 13/39 MP: 10/10
  9962 | D:6      | Reached skill level 10 in Unarmed Combat
 10606 | D:8      | Found a flagged portal.
 10641 | Bailey   | Entered a bailey
 10774 | Bailey   | Noticed an orc knight
 10780 | Bailey   | Found a bloodstained altar of Trog.
 11693 | D:8      | Reached skill level 11 in Unarmed Combat
 11972 | D:9      | Noticed a troll
 11976 | D:9      | Killed a troll
 12142 | D:9      | Found a staircase to the Lair.
 12322 | D:9      | Found a deep blue altar of Sif Muna.
 12413 | D:9      | Noticed Hybris's ghost (novice HOFi)
 12477 | D:9      | Found a glowing silver altar of Zin.
 12577 | D:9      | Reached XP level 10. HP: 41/43 MP: 12/12
 12770 | D:9      | Found an iron altar of Okawaru.
 13282 | D:10     | Entered Level 10 of the Dungeon
 13398 | D:10     | You fall through a shaft for 2 floors!
 13398 | D:12     | Noticed a deep elf mage
 13713 | D:12     | Reached skill level 12 in Unarmed Combat
 14954 | D:10     | Noticed a hill giant
 15177 | Lair:1   | Entered Level 1 of the Lair of Beasts
 15293 | Lair:1   | Noticed a black mamba
 15552 | Lair:1   | Reached skill level 13 in Unarmed Combat
 15664 | Lair:1   | Slain by a black mamba
 15665 | Lair:1   | Reached XP level 9. HP: 0/38 MP: 11/11
 15666 | Lair:1   | Noticed a five-headed hydra
 15902 | Lair:1   | Reached skill level 10 in Dodging
 16227 | Lair:1   | Learned a level 3 spell: Conjure Flame
 16254 | Lair:1   | Reached XP level 10. HP: 43/43 MP: 12/12
 16302 | Lair:1   | Noticed a black mamba
 16468 | Lair:1   | Reached skill level 1 in Conjurations
 16538 | Lair:1   | Found a shimmering altar of Xom.
 16677 | Lair:1   | Reached skill level 1 in Spellcasting
 16724 | Lair:1   | Killed a black mamba
 17378 | Lair:1   | Noticed a spiny frog
 17623 | Lair:1   | Killed a spiny frog
 17701 | Lair:1   | Killed a black mamba
 18512 | Lair:2   | Noticed a four-headed hydra
 18530 | Lair:2   | Killed a four-headed hydra
 19068 | Lair:2   | Reached skill level 5 in Conjurations
 19119 | Lair:1   | Noticed a spiny frog
 19490 | Lair:1   | Killed a five-headed hydra
 19490 | Lair:1   | Reached XP level 11. HP: 11/46 MP: 10/17
 19799 | Lair:2   | Found a hide-covered altar of Uskayaw.
 19928 | Lair:2   | Noticed a seven-headed hydra
 20826 | Lair:2   | Found a staircase to the Snake Pit.
 21192 | Lair:2   | Reached skill level 5 in Spellcasting
 21707 | Lair:2   | Reached skill level 1 in Fire Magic
 23130 | Lair:2   | Killed a seven-headed hydra
 24390 | Lair:3   | Reached skill level 10 in Stealth
 24943 | Lair:3   | Gained mutation: Your thick and shaggy fur keeps you warm. (AC +3, rC+) [Felid growth]
 24943 | Lair:3   | Reached XP level 12. HP: 51/51 MP: 18/22
 26028 | Lair:4   | Found a shimmering altar of Xom.
 26224 | Lair:4   | Found a staircase to the Swamp.
 26651 | Lair:4   | Noticed a four-headed hydra
 26676 | Lair:4   | HP: 1/51 [crocodile (3)]
 26676 | Lair:4   | Slain by a basilisk
 26677 | Lair:4   | Reached XP level 11. HP: -1/46 MP: 21/21
 26688 | Lair:4   | Noticed Nergalle
 26715 | Lair:4   | Killed Nergalle
 26715 | Lair:4   | Reached skill level 5 in Fighting
 26715 | Lair:4   | Reached skill level 14 in Unarmed Combat
 26941 | Lair:4   | Noticed a five-headed hydra
 27058 | Lair:4   | Killed a five-headed hydra
 27197 | Lair:4   | Killed a four-headed hydra
 27895 | Lair:5   | Found a shadowy altar of Dithmenos.
 28040 | Lair:5   | Found a staircase to the Slime Pits.
 28483 | Lair:5   | Mangled by a spiny frog
 28484 | Lair:5   | Reached XP level 10. HP: -6/44 MP: 14/21
 28484 | Lair:5   | Noticed a four-headed hydra
 28486 | Lair:5   | Killed a four-headed hydra
 28535 | Lair:5   | Noticed an elephant
 28541 | Lair:5   | Noticed an elephant
 28542 | Lair:5   | Killed an elephant
 28542 | Lair:5   | Reached XP level 11. HP: 48/48 MP: 22/22
 29054 | Lair:6   | Entered Level 6 of the Lair of Beasts
 29080 | Lair:6   | Noticed a death yak
 30848 | Lair:6   | Noticed a seven-headed hydra
 30971 | Lair:6   | Noticed Kirke
 30979 | Lair:6   | Noticed a death yak
 30980 | Lair:6   | Noticed a death yak
 30982 | Lair:6   | Noticed a death yak
 31001 | Lair:6   | Noticed a death yak
 31226 | Lair:6   | Noticed a lindwurm
 31945 | Lair:5   | Noticed a seven-headed hydra
 32020 | Lair:4   | Killed a seven-headed hydra
 32495 | Lair:5   | Killed a lindwurm
 33468 | Lair:5   | Noticed a wolf spider
 33780 | Lair:5   | Killed a wolf spider
 34038 | Lair:5   | Reached XP level 12. HP: 17/52 MP: 18/24
 34558 | Lair:4   | Reached skill level 15 in Unarmed Combat
 35033 | Lair:6   | Killed Kirke
 35157 | Lair:6   | Found a runed door.
 35347 | Lair:6   | Slain by a tyrant leech

Skill      XL: |  1  2  3  4  5  6  7  8  9 10 11 12 |
---------------+-------------------------------------+-----
Unarmed Combat | 5 6 8 9 11 13 14 15 | 15.1
Dodging        | 5 6 7 10 11 12 | 12.1
Stealth        | 1 2 3 4 5 7 11 10 | 11.9
Fighting       | 4 5 |  5.7
Evocations     | 1 2 |  2.3
Conjurations   | 5 6 7 |  7.8
Spellcasting   | 3 7 |  7.7
Fire Magic     | 1 |  1.0

Action                   |  1- 3 |  4- 6 |  7- 9 | 10-12 || total
-------------------------+-------+-------+-------+-------++-------
Melee: Unarmed           |    99 |   157 |   466 |   835 ||  1557
       Bite              |     8 |    26 |    41 |    97 ||   172
       Punch             |       |     9 |    18 |    45 ||    72
 Cast: Conjure Flame     |       |       |       |   183 ||   183
Evoke: Wand              |       |       |     9 |    21 ||    30
  Use: Potion            |       |     1 |     3 |     6 ||    10
       Scroll            |       |       |    17 |     9 ||    26
 Stab: Sleeping          |     1 |     6 |    11 |    30 ||    48
       Distracted        |       |       |     3 |     8 ||    11
  Eat: Chunk             |     5 |    10 |    16 |    72 ||   103
Armor: Skin              |     6 |    13 |    15 |    33 ||    67
Dodge: Dodged            |    86 |   199 |   371 |   762 ||  1418
